 Dungeon Crawl Stone Soup version 0.30.0-20-g3615ddf2f0 (webtiles) character file.

Game seed: 12125582954220851014

26966 qw the Cleaver (level 13, -2/84 HPs)
             Began as a Gargoyle Fighter on May 29, 2023.
             Was a High Priest of Okawaru.
             Slain by a five-headed hydra (3 damage)
             ... on level 5 of the Lair of Beasts.
             The game lasted 00:07:25 (13021 turns).

qw the Cleaver (Gargoyle Fighter)                  Turns: 13021, Time: 00:07:25

Health: -2/84      AC: 30    Str: 25    XL:     13   Next: 29%
Magic:  17/20      EV: 16    Int:  9    God:    Okawaru [*****.]
Gold:   429        SH:  6    Dex:  9    Spells: 12/12 levels left

rFire   + . .        b - +1 morningstar (protect)
rCold   . . .        c - +0 buckler
rNeg    + . .        r - +0 chain mail
rPois   inf          j - +0 helmet
rElec   +            g - +2 cloak
rCorr   .            s - +2 pair of gloves
SInv    .            (no boots)
Will    .....        (no amulet) Stlth
                     q - ring of protection from fire
HPRegen 0.34/turn    t - +5 ring of evasion
MPRegen 0.17/turn

%: no passive effects
@: heroic, finesse-ful, corroded, under a protective aura, slowed, very slow
A: sickness immunity, AC +9, negative energy resistance 1, electricity
resistance, torment resistance 1, petrification resistance
a: Renounce Religion, Heroism, Finesse, Duel


You were on level 5 of the Lair of Beasts.
You worshipped Okawaru.
Okawaru was extremely pleased with you.
You visited 2 branches of the dungeon, and saw 13 of its levels.
You also visited: Sewer.

You collected 810 gold pieces.
You spent 381 gold pieces at shops.


Innate Abilities, Weirdness & Mutations

You are immune to sickness and miasma.
Your stone body is resilient. (AC +9)
You are immune to poison.
You resist negative energy. (rN+)
You are resistant to electric shocks. (rElec)
You are resistant to unholy torment.
You are immune to petrification.


   Skills:
 - Level 11.0(16.0) Fighting
 - Level 14.0(19.0) Axes
 - Level 2.1(7.1) Throwing
 + Level 8.3(13.3) Armour
 - Level 2.0(7.0) Dodging
 - Level 7.0(12.0) Shields
 - Level 10.0 Invocations


You had 12 spell levels left.
You didn't know any spells.
Your spell library was empty.

Inventory:

Hand Weapons
 b - a +1 morningstar of protection (weapon)
 k - a +4 heavy broad axe
 n - a +2 vampiric war axe
Missiles
 p - 5 boomerangs (quivered)
Armour
 c - a +0 buckler (worn)
 g - a +2 cloak (worn)
 j - a +0 helmet (worn)
 r - a +0 chain mail (worn)
 s - a +2 pair of gloves (worn)
Jewellery
 q - a ring of protection from fire (left hand)
 t - a +5 ring of evasion (right hand)
Scrolls
 f - 15 scrolls of identify
Potions
 a - 6 potions of curing
 d - 5 potions of might
 e - 3 potions of haste
 h - 2 potions of attraction
 i - 6 potions of lignification
 l - 2 potions of heal wounds
 m - 3 potions of mutation

Dungeon Overview and Level Annotations

Branches:
Dungeon (8/15)             Temple (0/1) D:6            Lair (5/5) D:8
  Swamp (0/4) Lair:2        Snake (0/4) Lair:3        Slime (0/5) Lair:4
  Sewer (visited)

Altars:
Fedhas
Okawaru
Qazlal
Zin
Jiyva

Shops:
D:2 *   D:3 (   D:4 !   D:5 *   D:7 **[


Message History

Enter note:
Enter note:
13020 ||| DRINKING 4 potions of heal wounds.
You feel much better.
The blink frog blinks!
The cane toad stings you but does no damage.
The five-headed hydra misses you. The five-headed hydra bites you!
You block the five-headed hydra's attack.
The five-headed hydra closely misses you.
The five-headed hydra completely misses you.
A water moccasin comes into view.
The cane toad stings you but does no damage. x2
The yak gores you but does no damage. You block the cane toad's attack.
The catoblepas breathes a plume of calcifying dust at you.
The blast of calcifying dust hits you!
The blast of calcifying dust hits the yak.
The blast of calcifying dust hits the yak!
You block the torpor snail's attack.
The five-headed hydra bites you but does no damage. x2
The five-headed hydra closely misses you.
The five-headed hydra misses you.
The five-headed hydra bites you but does no damage.
The cane toad stings you.
The blink frog blinks!
The cane toad closely misses you.
Enter note:
Enter note:
Enter note:
Enter note:
Enter note:
Enter note:
Enter note:
Enter note:
13021 ||| DRINKING 3 potions of heal wounds.
You feel much better. The cane toad closely misses you.
The yak is engulfed in calcifying dust.
The yak is moving more slowly.
The yak gores you but does no damage.
The yak is engulfed in calcifying dust.
The yak is moving more slowly.
The catoblepas gores you! You block the cane toad's attack.
The five-headed hydra bites you! The five-headed hydra bites you.
You die...

##!F......#.P
#####y.!......
#...#S.F..PP.#
.F...DY....###
##YY......


#FYYYYS... #FlSFhFF.. #YFDyYF... #F@FlYF... ##wYSF.... YYYY..... ##Y.[...##
#....<... ........# ..#...P.# .....$... You could see a catoblepas, a skyshark,
2 five-headed hydras, a torpor snail, a polar bear, a komodo dragon, a black
mamba, 15 yaks, 7 cane toads, 4 blink frogs, 3 water moccasins, 2 vampire
mosquitoes and 2 bullfrogs.

Vanquished Creatures
  3 hydras
  2 goliath frogs (Lair:5)
  10 elephants
  7 black mambas
  15 cane toads
  2 rime drakes
  3 komodo dragons
  A polar bear (Lair:1)
  A tyrant leech (Lair:5)
  8 blink frogs
  24 yaks
  2 wyverns
  2 basilisks
  A steam dragon (D:8)
  6 vampire mosquitoes
  3 wargs (D:8)
  5 nagas (Lair:3)
  7 water moccasins
  Duvessa (D:7)
  An ice beast (D:8)
  An orc warrior (D:7)
  A sky beast (D:7)
  7 black bears (Lair:1)
  8 wolves (Lair:1)
  2 ogres (D:4)
  3 phantoms
  4 kobold brigands
  12 bullfrogs
  A gnoll sergeant (D:6)
  4 scorpions
  Dowan (D:7)
  6 electric eels
  A hound (D:5)
  3 orc priests
  Jessica (D:3)
  4 iguanas
  4 orc wizards
  7 hell rats
  11 adders
  8 gnolls (D:6)
  3 river rats (Sewer)
  A shadow imp (D:7)
  2 white imps (D:5)
  4 ufetubi
  4 worms
  3 dart slugs
  9 orcs
  8 ball pythons
  3 bats
  7 endoplasms
  4 giant cockroaches
  11 goblins
  12 hobgoblins
  7 jackals
  21 kobolds
  5 quokkas
  4 frilled lizards
  13 rats
314 creatures vanquished.

Notes
Turn   | Place    | Note
-------+----------+-------------------------------------------
     0 | D:1      | qw the Gargoyle Fighter began the quest for the Orb.
     0 | D:1      | Reached XP level 1. HP: 14/14 MP: 1/1
     0 | D:1      | 0 ||| qw: Version: 0.2-a-101-gf424e7f
     0 | D:1      | 0 ||| qw: Game counter: 286
     0 | D:1      | 0 ||| qw: Always use a shield: true
     0 | D:1      | 0 ||| qw: God list: Okawaru
     0 | D:1      | 0 ||| qw: Allow faded altars: false
     0 | D:1      | 0 ||| qw: Do Orc after D:15 true
     0 | D:1      | 0 ||| qw: Do second Lair branch before Depths: true
     0 | D:1      | 0 ||| qw: Lair rune preference: random
     0 | D:1      | 0 ||| qw: Plans: Normal, Zot:1-4, Slime:5, God:TSO, Crypt,
                  | Tomb, Pan, Hells, Abyss, Win
     0 | D:1      | 0 ||| PLANNING D:1-11
    87 | D:1      | 87 ||| Stepping ~*~*~tactically~*~*~ (stealth).
    92 | D:1      | Reached skill level 2 in Axes
   195 | D:1      | 195 ||| Stepping ~*~*~tactically~*~*~ (stealth).
   244 | D:1      | Reached XP level 2. HP: 19/19 MP: 2/2
   270 | D:1      | 270 ||| READING scroll labelled HATEAM SEAFANI.
   271 | D:1      | 271 ||| READING scroll labelled XIMUL GIELEORA.
   273 | D:1      | 273 ||| FLEEEEING.
   354 | D:1      | Found a faded altar of an unknown god.
   477 | D:1      | Reached skill level 3 in Axes
   496 | D:1      | Reached XP level 3. HP: 23/23 MP: 3/3
   870 | D:1      | 870 ||| UPGRADING to +0 helmet.
   875 | D:1      | 875 ||| READING scroll labelled ROAVABL ELLU.
   876 | D:1      | 876 ||| READING scroll labelled PUPHUPRO CEPTO.
   943 | D:2      | 943 ||| Stepping ~*~*~tactically~*~*~ (stealth).
   944 | D:2      | 944 ||| Stepping ~*~*~tactically~*~*~ (stealth).
   955 | D:2      | 955 ||| Stepping ~*~*~tactically~*~*~ (stealth).
   957 | D:2      | 957 ||| Stepping ~*~*~tactically~*~*~ (stealth).
   997 | D:2      | 997 ||| DROPPING +0 club.
  1056 | D:2      | Found a glowing silver altar of Zin.
  1064 | D:2      | 1064 ||| Stepping ~*~*~tactically~*~*~ (stealth).
  1065 | D:2      | 1065 ||| Stepping ~*~*~tactically~*~*~ (stealth).
  1090 | D:2      | Found Buwudeh's General Store.
  1093 | D:2      | 1093 ||| BUYING 2 potions of lignification (60 gold).
  1093 | D:2      | Bought 2 potions of lignification for 60 gold pieces
  1093 | D:2      | 1093 ||| BUYING scroll of identify (20 gold).
  1093 | D:2      | Bought a scroll of identify for 20 gold pieces
  1138 | D:2      | 1138 ||| Stepping ~*~*~tactically~*~*~ (stealth).
  1148 | D:2      | 1148 ||| Stepping ~*~*~tactically~*~*~ (stealth).
  1154 | D:2      | Reached XP level 4. HP: 28/28 MP: 4/4
  1330 | D:2      | 1330 ||| READING scroll labelled ATTOTAK KUBRE.
  1343 | D:2      | Reached skill level 4 in Axes
  1728 | D:2      | 1728 ||| READING 2 scrolls of identify.
  1728 | D:2      | 1728 ||| IDENTIFYING dark potion
  1729 | D:2      | 1729 ||| DROPPING potion of berserk rage.
  1828 | D:3      | 1828 ||| Stepping ~*~*~tactically~*~*~ (hiding).
  1829 | D:3      | 1829 ||| Stepping ~*~*~tactically~*~*~ (hiding).
  1976 | D:3      | Noticed Jessica
  1983 | D:3      | Killed Jessica
  2035 | D:3      | Found Decyc's Weapon Shop.
  2040 | D:3      | 2040 ||| Stepping ~*~*~tactically~*~*~ (stealth).
  2041 | D:3      | 2041 ||| Stepping ~*~*~tactically~*~*~ (stealth).
  2043 | D:3      | 2043 ||| Stepping ~*~*~tactically~*~*~ (stealth).
  2048 | D:3      | 2048 ||| Stepping ~*~*~tactically~*~*~ (stealth).
  2504 | D:3      | 2504 ||| READING 2 scrolls of identify.
  2504 | D:3      | 2504 ||| IDENTIFYING clear potion
  2521 | D:4      | 2521 ||| PLANNING SEWER
  2526 | D:4      | Reached XP level 5. HP: 32/32 MP: 5/5
  2582 | D:4      | 2582 ||| Stepping ~*~*~tactically~*~*~ (stealth).
  2597 | D:4      | Noticed a phantom
  2604 | D:4      | HP: 8/32 [phantom (3)]
  2605 | D:4      | 2605 ||| READING scroll of teleportation.
  2606 | D:4      | Killed a phantom
  2607 | D:4      | Reached skill level 5 in Axes
  2757 | D:4      | 2757 ||| Stepping ~*~*~tactically~*~*~ (stealth).
  2778 | D:4      | Found a glowing drain.
  2779 | D:4      | 2779 ||| UPGRADING to amulet of guardian spirit.
  2784 | D:4      | 2784 ||| READING scroll labelled GAIGEPPUNE.
  2785 | D:4      | 2785 ||| DRINKING 2 fizzy blue potions.
  2786 | D:4      | 2786 ||| READING 2 scrolls of identify.
  2786 | D:4      | 2786 ||| IDENTIFYING brown potion
  2787 | D:4      | 2787 ||| DROPPING potion of flight.
  2788 | D:4      | 2788 ||| DROPPING potion of invisibility.
  2806 | Sewer    | Entered a sewer
  2837 | Sewer    | Reached XP level 6. HP: 37/38 MP: 6/6
  3030 | Sewer    | Reached skill level 1 in Dodging
  3040 | Sewer    | 3040 ||| Stepping ~*~*~tactically~*~*~ (hiding).
  3046 | Sewer    | 3046 ||| Stepping ~*~*~tactically~*~*~ (hiding).
  3222 | Sewer    | Reached XP level 7. HP: 38/44 MP: 7/7
  3380 | Sewer    | 3380 ||| Stepping ~*~*~tactically~*~*~ (water).
  3518 | Sewer    | Reached skill level 6 in Axes
  3524 | Sewer    | 3524 ||| DRINKING 3 purple potions.
  3547 | D:4      | 3547 ||| PLANNING D:1-11
  3733 | D:4      | 3733 ||| DROPPING +0 whip.
  3761 | D:4      | Found Nuisioz's Distillery.
  3772 | D:4      | 3772 ||| BUYING 2 potions of lignification (78 gold).
  3772 | D:4      | Bought 2 potions of lignification for 78 gold pieces
  3772 | D:4      | 3772 ||| SHOPLISTING potion of cancellation (104 gold, have
                  | 58).
  3772 | D:4      | 3772 ||| BUYING potion of curing (39 gold).
  3772 | D:4      | Bought a potion of curing for 39 gold pieces
  3772 | D:4      | 3772 ||| SHOPLISTING potion of might (52 gold, have 19).
  3772 | D:4      | 3772 ||| SHOPLISTING potion of mutation (104 gold, have
                  | 19).
  3887 | D:4      | 3887 ||| FLEEEEING.
  3888 | D:4      | 3888 ||| FLEEEEING.
  3889 | D:4      | 3889 ||| FLEEEEING.
  3894 | D:4      | 3894 ||| FLEEEEING.
  3895 | D:4      | 3895 ||| FLEEEEING.
  3896 | D:4      | 3896 ||| FLEEEEING.
  3897 | D:4      | 3897 ||| FLEEEEING.
  3898 | D:4      | 3898 ||| FLEEEEING.
  3899 | D:4      | 3899 ||| FLEEEEING.
  3901 | D:4      | 3901 ||| FLEEEEING.
  3902 | D:4      | 3902 ||| FLEEEEING.
  3903 | D:4      | 3903 ||| FLEEEEING.
  3909 | D:4      | 3909 ||| FLEEEEING.
  3910 | D:4      | 3910 ||| FLEEEEING.
  3911 | D:4      | 3911 ||| FLEEEEING.
  3912 | D:4      | 3912 ||| FLEEEEING.
  3914 | D:4      | 3914 ||| FLEEEEING.
  3917 | D:4      | HP: 11/44 [orc priest/+0 falchion (6)]
  3922 | D:4      | HP: 5/44 [orc priest/nerve-wracking pain (2)]
  4087 | D:4      | 4087 ||| Stepping ~*~*~tactically~*~*~ (hiding).
  4143 | D:4      | 4143 ||| Stepping ~*~*~tactically~*~*~ (stealth).
  4144 | D:4      | 4144 ||| Stepping ~*~*~tactically~*~*~ (stealth).
  4145 | D:4      | 4145 ||| Stepping ~*~*~tactically~*~*~ (stealth).
  4148 | D:4      | Reached skill level 7 in Axes
  4517 | D:4      | 4517 ||| UPGRADING to +2 cloak.
  4522 | D:4      | 4522 ||| READING 8 scrolls of identify.
  4522 | D:4      | 4522 ||| IDENTIFYING puce potion
  4523 | D:4      | 4523 ||| READING 7 scrolls of identify.
  4523 | D:4      | 4523 ||| IDENTIFYING fizzy pink potion
  4524 | D:4      | 4524 ||| READING 6 scrolls of identify.
  4524 | D:4      | 4524 ||| IDENTIFYING bubbling red potion
  4566 | D:5      | Entered Level 5 of the Dungeon
  4611 | D:5      | Reached skill level 1 in Throwing
  4632 | D:5      | 4632 ||| READING scroll of enchant weapon.
  4632 | D:5      | 4632 ||| ENCHANTING +1 war axe.
  4648 | D:5      | Reached XP level 8. HP: 49/49 MP: 8/8
  4698 | D:5      | 4698 ||| Stepping ~*~*~tactically~*~*~ (stealth).
  4704 | D:5      | 4704 ||| Stepping ~*~*~tactically~*~*~ (stealth).
  4846 | D:5      | Found Deonoux's Desiderata Depot.
  4854 | D:5      | 4854 ||| SHOPLISTING +6 ring of dexterity (540 gold, have
                  | 69).
  4854 | D:5      | 4854 ||| SHOPLISTING wand of digging (8) (504 gold, have
                  | 69).
  4885 | D:5      | 4885 ||| PLANNING D:1-11
  5227 | D:5      | 5227 ||| READING scroll labelled ALAGUA GEMNI.
  5228 | D:5      | 5228 ||| READING scroll labelled TUIHOLU LUSIE.
  5229 | D:5      | 5229 ||| DRINKING 2 viscous inky potions.
  5230 | D:5      | 5230 ||| DROPPING potion of brilliance.
  5290 | D:6      | 5290 ||| Stepping ~*~*~tactically~*~*~ (stealth).
  5292 | D:6      | 5292 ||| Stepping ~*~*~tactically~*~*~ (hiding).
  5306 | D:6      | Found an iron altar of Okawaru.
  5307 | D:6      | 5307 ||| PLANNING OKAWARU WORSHIP
  5355 | D:6      | Became a worshipper of Warmaster Okawaru
  5355 | D:6      | 5355 ||| PLANNING D:1-11
  5356 | D:6      | 5356 ||| REMOVING amulet of guardian spirit.
  5373 | D:6      | Found a staircase to the Ecumenical Temple.
  5392 | D:6      | 5392 ||| Stepping ~*~*~tactically~*~*~ (hiding).
  5393 | D:6      | 5393 ||| Stepping ~*~*~tactically~*~*~ (hiding).
  5394 | D:6      | 5394 ||| Stepping ~*~*~tactically~*~*~ (hiding).
  5407 | D:6      | Reached skill level 8 in Axes
  5573 | D:6      | Reached skill level 6 in Fighting
  5933 | D:6      | 5933 ||| DROPPING amulet of guardian spirit.
  5934 | D:6      | 5934 ||| READING scroll labelled PAUCZY VERE.
  5935 | D:6      | 5935 ||| READING 2 scrolls labelled VIZAEPPOALU.
  5936 | D:6      | 5936 ||| DROPPING scroll of blinking.
  5949 | D:7      | 5949 ||| Stepping ~*~*~tactically~*~*~ (stealth).
  5951 | D:7      | 5951 ||| Stepping ~*~*~tactically~*~*~ (hiding).
  5966 | D:7      | Noticed Duvessa
  5978 | D:7      | Killed Duvessa
  5981 | D:7      | Noticed Dowan
  5991 | D:7      | Killed Dowan
  5991 | D:7      | Reached * piety under Okawaru
  6375 | D:7      | Found Qeudugo's Armour Shoppe.
  6378 | D:7      | 6378 ||| Stepping ~*~*~tactically~*~*~ (hiding).
  6402 | D:7      | Reached skill level 9 in Axes
  6402 | D:7      | Reached skill level 1 in Invocations
  6402 | D:7      | Reached XP level 9. HP: 55/55 MP: 8/10
  6426 | D:7      | 6426 ||| BUYING +0 chain mail (67 gold).
  6426 | D:7      | Bought a +0 chain mail for 67 gold pieces
  6426 | D:7      | 6426 ||| BUYING +0 pair of gloves (67 gold).
  6426 | D:7      | Bought a +0 pair of gloves for 67 gold pieces
  6426 | D:7      | 6426 ||| SHOPLISTING +0 pair of gloves of Follow the Leader
                  | {Will+} (256 gold, have 87).
  6426 | D:7      | 6426 ||| SHOPLISTING +2 helmet (247 gold, have 87).
  6426 | D:7      | 6426 ||| SHOPLISTING +4 chain mail of willpower (472 gold,
                  | have 87).
  6451 | D:7      | Found a stormy altar of Qazlal.
  6461 | D:7      | 6461 ||| UPGRADING to +0 chain mail.
  6463 | D:7      | 6463 ||| UPGRADING to +0 chain mail.
  6469 | D:7      | 6469 ||| INVOKING Heroism.
  6482 | D:7      | 6482 ||| UPGRADING to +0 scale mail.
  6487 | D:7      | 6487 ||| UPGRADING to +0 chain mail.
  6497 | D:7      | 6497 ||| DROPPING +0 scale mail.
  6498 | D:7      | 6498 ||| UPGRADING to +0 pair of gloves.
  6568 | D:7      | Found Xuirgh's Specific Store.
  6570 | D:7      | Found Diseck's General Store.
  6574 | D:7      | 6574 ||| BUYING potion of heal wounds (50 gold).
  6574 | D:7      | Bought a potion of heal wounds for 50 gold pieces
  6574 | D:7      | 6574 ||| SHOPLISTING potion of magic (80 gold, have 37).
  6801 | D:7      | 6801 ||| INVOKING Heroism.
  6923 | D:7      | 6923 ||| UPGRADING to ring of protection from fire.
  6924 | D:7      | 6924 ||| UPGRADING to +5 ring of evasion.
  6925 | D:7      | 6925 ||| READING scroll labelled ZEKHLE MIXAASH.
  6966 | D:8      | Found a blossoming altar of Fedhas.
  7098 | D:8      | 7098 ||| READING scroll of enchant armour.
  7098 | D:8      | 7098 ||| ENCHANTING +0 pair of gloves.
  7120 | D:8      | 7120 ||| DRINKING 2 inky potions.
  7121 | D:8      | 7121 ||| DRINKING 2 potions of curing.
  7121 | D:8      | 7121 ||| (to cure confusion)
  7166 | D:8      | Reached skill level 3 in Invocations
  7254 | D:8      | 7254 ||| Stepping ~*~*~tactically~*~*~ (stealth).
  7262 | D:8      | 7262 ||| Stepping ~*~*~tactically~*~*~ (stealth).
  7264 | D:8      | 7264 ||| INVOKING Heroism.
  7289 | D:8      | 7289 ||| INVOKING Heroism.
  7309 | D:8      | 7309 ||| Stepping ~*~*~tactically~*~*~ (stealth).
  7340 | D:8      | 7340 ||| READING scroll labelled QAOGREMMAJ.
  7342 | D:8      | 7342 ||| Stepping ~*~*~tactically~*~*~ (hiding).
  7360 | D:8      | 7360 ||| INVOKING Heroism.
  7363 | D:8      | Found a staircase to the Lair.
  7374 | D:8      | 7374 ||| Stepping ~*~*~tactically~*~*~ (stealth).
  7379 | D:8      | 7379 ||| FLEEEEING.
  7380 | D:8      | 7380 ||| FLEEEEING.
  7381 | D:8      | 7381 ||| FLEEEEING.
  7384 | D:8      | 7384 ||| STAIRDANCE
  7424 | D:7      | 7424 ||| DROPPING potion of ambrosia.
  7435 | D:8      | 7435 ||| DROPPING +0 flail.
  7737 | D:8      | 7737 ||| INVOKING Heroism.
  7927 | D:8      | 7927 ||| PLANNING LAIR
  7927 | D:8      | 7927 ||| READING 2 scrolls labelled BOSMAUFUGU.
  7928 | D:8      | 7928 ||| DROPPING scroll of magic mapping.
  7954 | Lair:1   | Entered Level 1 of the Lair of Beasts
  7955 | Lair:1   | 7955 ||| INVOKING Heroism.
  7967 | Lair:1   | Reached skill level 10 in Axes
  7967 | Lair:1   | Reached XP level 10. HP: 58/63 MP: 11/13
  7980 | Lair:1   | Reached ** piety under Okawaru
  7981 | Lair:1   | Reached skill level 6 in Armour
  7990 | Lair:1   | 7990 ||| Stepping ~*~*~tactically~*~*~ (hiding).
  7997 | Lair:1   | 7997 ||| INVOKING Heroism.
  8202 | Lair:1   | Noticed a black mamba
  8203 | Lair:1   | 8203 ||| INVOKING Heroism.
  8217 | Lair:1   | Killed a black mamba
  8229 | Lair:1   | 8229 ||| Stepping ~*~*~tactically~*~*~ (stealth).
  8232 | Lair:1   | 8232 ||| FLEEEEING.
  8237 | Lair:1   | 8237 ||| FLEEEEING.
  8238 | Lair:1   | 8238 ||| FLEEEEING.
  8239 | Lair:1   | 8239 ||| FLEEEEING.
  8240 | Lair:1   | 8240 ||| FLEEEEING.
  8241 | Lair:1   | 8241 ||| FLEEEEING.
  8242 | Lair:1   | 8242 ||| FLEEEEING.
  8243 | Lair:1   | 8243 ||| FLEEEEING.
  8244 | Lair:1   | 8244 ||| FLEEEEING.
  8245 | Lair:1   | 8245 ||| FLEEEEING.
  8246 | Lair:1   | 8246 ||| FLEEEEING.
  8247 | Lair:1   | 8247 ||| FLEEEEING.
  8248 | Lair:1   | 8248 ||| FLEEEEING.
  8249 | Lair:1   | 8249 ||| FLEEEEING.
  8250 | Lair:1   | 8250 ||| FLEEEEING.
  8251 | Lair:1   | 8251 ||| FLEEEEING.
  8252 | Lair:1   | 8252 ||| FLEEEEING.
  8253 | Lair:1   | 8253 ||| FLEEEEING.
  8254 | Lair:1   | 8254 ||| FLEEEEING.
  8255 | Lair:1   | 8255 ||| FLEEEEING.
  8256 | Lair:1   | 8256 ||| FLEEEEING.
  8257 | Lair:1   | 8257 ||| FLEEEEING.
  8262 | Lair:1   | Reached *** piety under Okawaru
  8432 | Lair:1   | Reached skill level 11 in Axes
  8437 | Lair:1   | 8437 ||| INVOKING Heroism.
  8528 | Lair:1   | Reached skill level 9 in Fighting
  8558 | Lair:1   | Reached XP level 11. HP: 62/71 MP: 14/14
  8643 | Lair:1   | 8643 ||| INVOKING Heroism.
  8720 | Lair:1   | Reached **** piety under Okawaru
  8876 | Lair:1   | 8876 ||| INVOKING Heroism.
  9144 | Lair:2   | 9144 ||| INVOKING Heroism.
  9221 | Lair:2   | 9221 ||| Stepping ~*~*~tactically~*~*~ (stealth).
  9229 | Lair:2   | 9229 ||| Stepping ~*~*~tactically~*~*~ (stealth).
  9251 | Lair:2   | 9251 ||| Stepping ~*~*~tactically~*~*~ (stealth).
  9252 | Lair:2   | 9252 ||| Stepping ~*~*~tactically~*~*~ (stealth).
  9253 | Lair:2   | 9253 ||| INVOKING Heroism.
  9300 | Lair:2   | 9300 ||| Stepping ~*~*~tactically~*~*~ (stealth).
  9302 | Lair:2   | 9302 ||| INVOKING Heroism.
  9305 | Lair:2   | 9305 ||| Stepping ~*~*~tactically~*~*~ (stealth).
  9336 | Lair:2   | 9336 ||| INVOKING Heroism.
  9343 | Lair:2   | Reached skill level 12 in Axes
  9392 | Lair:2   | Found a staircase to the Swamp.
  9393 | Lair:2   | 9393 ||| INVOKING Heroism.
  9639 | Lair:2   | Reached skill level 6 in Shields
  9793 | Lair:2   | 9793 ||| INVOKING Heroism.
  9802 | Lair:2   | Reached skill level 6 in Invocations
  9877 | Lair:2   | 9877 ||| Stepping ~*~*~tactically~*~*~ (stealth).
  9879 | Lair:2   | 9879 ||| Stepping ~*~*~tactically~*~*~ (stealth).
  9881 | Lair:2   | 9881 ||| Stepping ~*~*~tactically~*~*~ (stealth).
  9895 | Lair:2   | 9895 ||| INVOKING Heroism.
  9910 | Lair:2   | Reached ***** piety under Okawaru
  9930 | Lair:2   | Reached XP level 12. HP: 41/77 MP: 17/17
 10503 | Lair:3   | 10503 ||| Stepping ~*~*~tactically~*~*~ (stealth).
 10504 | Lair:3   | 10504 ||| Stepping ~*~*~tactically~*~*~ (stealth).
 10726 | Lair:3   | Noticed a four-headed hydra
 10727 | Lair:3   | 10727 ||| INVOKING Heroism.
 10728 | Lair:3   | 10728 ||| INVOKING Finesse.
 10735 | Lair:3   | 10735 ||| SWAPPING to +1 morningstar of protection.
 10751 | Lair:3   | Killed a four-headed hydra
 10752 | Lair:3   | 10752 ||| SWAPPING to +2 war axe.
 10772 | Lair:3   | HP: 12/77 [naga/+0 short sword (12)]
 10773 | Lair:3   | 10773 ||| READING scroll of teleportation.
 10774 | Lair:3   | 10774 ||| DRINKING 5 potions of heal wounds.
 10777 | Lair:3   | 10777 ||| Stepping ~*~*~tactically~*~*~ (water).
 10793 | Lair:3   | Received a gift from Okawaru
 10798 | Lair:3   | 10798 ||| INVOKING Heroism.
 10902 | Lair:3   | 10902 ||| SWAPPING to +4 heavy broad axe.
 10903 | Lair:3   | 10903 ||| DROPPING +2 war axe.
 10951 | Lair:3   | 10951 ||| SWAPPING to +2 vampiric war axe.
 10978 | Lair:3   | Found a staircase to the Snake Pit.
 11574 | Lair:4   | Identified the +11 war axe of Propriety {heavy, +Blink
                  | rElec Str-2 Stlth+}
 11588 | Lair:4   | Found a viscous altar of Jiyva.
 11589 | Lair:4   | Found a staircase to the Slime Pits.
 11606 | Lair:4   | 11606 ||| Stepping ~*~*~tactically~*~*~ (stealth).
 11608 | Lair:4   | 11608 ||| Stepping ~*~*~tactically~*~*~ (stealth).
 11635 | Lair:4   | Reached skill level 9 in Invocations
 11658 | Lair:4   | Reached skill level 13 in Axes
 11861 | Lair:4   | You fall into a shaft and drop 1 floor!
 11861 | Lair:5   | Entered Level 5 of the Lair of Beasts
 11869 | Lair:5   | 11869 ||| INVOKING Heroism.
 11918 | Lair:5   | Noticed a five-headed hydra
 11919 | Lair:5   | 11919 ||| INVOKING Heroism.
 11920 | Lair:5   | 11920 ||| INVOKING Finesse.
 11925 | Lair:5   | 11925 ||| SWAPPING to +1 morningstar of protection.
 11933 | Lair:5   | Killed a five-headed hydra
 11934 | Lair:5   | 11934 ||| SWAPPING to +2 vampiric war axe.
 12014 | Lair:4   | Noticed a seven-headed hydra
 12015 | Lair:4   | 12015 ||| INVOKING Heroism.
 12016 | Lair:4   | 12016 ||| INVOKING Finesse.
 12021 | Lair:4   | 12021 ||| SWAPPING to +1 morningstar of protection.
 12028 | Lair:4   | Killed a seven-headed hydra
 12029 | Lair:4   | 12029 ||| SWAPPING to +2 vampiric war axe.
 12403 | Lair:4   | 12403 ||| READING scroll of enchant armour.
 12403 | Lair:4   | 12403 ||| ENCHANTING +1 pair of gloves.
 12659 | Lair:4   | 12659 ||| READING scroll labelled RIUSUAR ZEICU.
 12660 | Lair:4   | 12660 ||| READING scroll labelled GINALOZYMM.
 12788 | Lair:5   | 12788 ||| Stepping ~*~*~tactically~*~*~ (stealth).
 12791 | Lair:5   | 12791 ||| Stepping ~*~*~tactically~*~*~ (stealth).
 12805 | Lair:5   | Reached XP level 13. HP: 82/82 MP: 20/20
 12829 | Lair:5   | Reached skill level 14 in Axes
 12850 | Lair:5   | 12850 ||| INVOKING Heroism.
 12938 | Lair:5   | 12938 ||| Stepping ~*~*~tactically~*~*~ (stealth).
 12957 | Lair:5   | 12957 ||| Stepping ~*~*~tactically~*~*~ (stealth).
 12959 | Lair:5   | 12959 ||| Stepping ~*~*~tactically~*~*~ (stealth).
 12960 | Lair:5   | 12960 ||| Stepping ~*~*~tactically~*~*~ (stealth).
 12961 | Lair:5   | 12961 ||| Stepping ~*~*~tactically~*~*~ (stealth).
 12963 | Lair:5   | 12963 ||| Stepping ~*~*~tactically~*~*~ (hiding).
 12964 | Lair:5   | 12964 ||| INVOKING Heroism.
 12979 | Lair:5   | 12979 ||| INVOKING Finesse.
 12979 | Lair:5   | HP: 18/83 [goliath frog (9)]
 12980 | Lair:5   | 12980 ||| READING scroll of teleportation.
 12981 | Lair:5   | 12981 ||| DRINKING 5 potions of heal wounds.
 12999 | Lair:5   | 12999 ||| INVOKING Heroism.
 13004 | Lair:5   | 13004 ||| SWAPPING to +1 morningstar of protection.
 13019 | Lair:5   | HP: 9/84 [catoblepas (20)]
 13020 | Lair:5   | 13020 ||| DRINKING 4 potions of heal wounds.
 13020 | Lair:5   | HP: 3/84 [cane toad (6)]
 13021 | Lair:5   | 13021 ||| DRINKING 3 potions of heal wounds.
 13021 | Lair:5   | HP: 1/84 [five-headed hydra (10)]
 13021 | Lair:5   | Slain by a five-headed hydra

Levels and vault maps discovered:
D:1:      amcnicky_arrival_single_pillar, layout_basic,
          chequers_ecumenical_altar_simple, reono_crystal_passage
D:2:      layout_basic, basic_altar, serial_shops,
          nicolae_shop_tiny_real_fake_doors, minmay_goblin_outpost
D:3:      layout_basic, serial_shops, nicolae_shop_bloodbath_and_beyond,
          palyth_stone_intersect, lemuel_flame_loot_1, uniq_jessica
D:4:      layout_cave_pods, serial_column_ruins, column_ruins_courtyard_long,
          column_ruins_corridor_plus, column_ruins_open_medium,
          column_ruins_grid_4, column_ruins_grid_3,
          cheibrodos_sewer_entry_drain, serial_shops,
          nicolae_shop_industrial_runoff, grunt_ministairs_1, minmay_ruptured
D:5:      layout_basic, nicolae_alphabet_shops
D:6:      wander_river, layout_basic, mainiacjoe_overflow_surrounded_room,
          minmay_temple_entry_tees
D:7:      layout_basic, nicolae_qazlal_beasts_of_the_sky, serial_shops, shop,
          grunt_decor_arrowhead, kennysheep_minor_cross, nicolae_specific_store,
          uniq_duvessa
D:8:      layout_loops_ring, fedhas_ov_isle_minmay, erik_lair_orcish_takeover,
          nicolae_eternal_life, serial_bayou_pond_e
Lair:1:   layout_small_grid, beast_lair_carwin_10, lemuel_fruit_tree,
          grunt_megastairs_4, infiniplex_staircase_pool
Lair:2:   layout_roguey, minmay_swamp_entry_swarm
Lair:3:   layout_cave_pods, minmay_snake_entry_guardpost_medium,
          serial_bayou_lagoon_b, serial_bayou_shore_a, grunt_megastairs_3,
          serial_bayou_shore_b, serial_bayou_shore_b
Lair:4:   layout_gridlike, slime_entry_1, st_stairs_3
Lair:5:   minmay_lair_end_frog_pond, layout_gridlike

Skill      XL: |  1  2  3  4  5  6  7  8  9 10 11 12 13 |
---------------+----------------------------------------+-----
Axes           | 2 3 4 5 7 9 10 11 12 13 14 | 14.0
Fighting       | 4 5 6 7 9 10 11 | 11.0
Dodging        | 1 2 |  2.0
Throwing       | 1 2 |  2.1
Invocations    | 1 4 7 10 | 10.0
Shields        | 4 5 6 7 |  7.0
Armour         | 5 6 7 8 |  8.3

Action                     |  1- 3 |  4- 6 |  7- 9 | 10-12 | 13-15 || total
---------------------------+-------+-------+-------+-------+-------++-------
  Melee: War axe           |    78 |   170 |   374 |   583 |    73 ||  1278
         Morningstar       |       |       |       |    31 |    15 ||    46
  Throw: Boomerang         |       |       |    79 |    47 |     6 ||   132
 Invoke: Heroism           |       |       |     7 |    17 |     3 ||    27
         Finesse           |       |       |       |     3 |     1 ||     4
    Use: Scroll            |     4 |     6 |    12 |     4 |     1 ||    27
         Potion            |       |     1 |     4 |     1 |     3 ||     9
   Stab: Invisible         |       |     1 |       |       |       ||     1
 Armour: Scale mail        |    38 |    80 |   121 |       |       ||   239
         Chain mail        |       |       |    56 |   284 |    75 ||   415
         Skin              |       |       |     2 |       |       ||     2
  Dodge: Dodged            |    30 |    95 |   168 |   367 |    94 ||   754
  Block: Buckler           |    16 |    41 |    47 |   117 |    44 ||   265

Table legend:
 A = Non-vault XP
 B = Vault XP
 C = Vault XP percentage of total XP
 D = Non-vault monster count
 E = Vault monster count
 F = Vault count percentage of total count
                 A         B        C        D         E       F
            +---------+---------+-------+---------+---------+-------
      Total |   26832 |   11692 |  30.3 |     220 |      94 |  29.9
            +---------+---------+-------+---------+---------+-------
        D:1 |      42 |       0 |   0.0 |      22 |       0 |   0.0
        D:2 |      52 |      14 |  21.2 |      18 |       7 |  28.0
        D:3 |      18 |      37 |  67.3 |      11 |       1 |   8.3
        D:4 |     504 |      72 |  12.5 |      22 |       7 |  24.1
        D:5 |     298 |       0 |   0.0 |      13 |       0 |   0.0
        D:6 |     511 |       0 |   0.0 |      16 |       0 |   0.0
        D:7 |     550 |     346 |  38.6 |      18 |       3 |  14.3
        D:8 |     922 |     700 |  43.2 |       8 |      10 |  55.6
     Lair:1 |    3490 |    2049 |  37.0 |      17 |      14 |  45.2
     Lair:2 |    8976 |     477 |   5.0 |      34 |       3 |   8.1
     Lair:3 |    1869 |    2138 |  53.4 |      15 |       7 |  31.8
     Lair:4 |    5086 |     850 |  14.3 |      12 |       2 |  14.3
     Lair:5 |    4514 |    4610 |  50.5 |      14 |      12 |  46.2
      Sewer |       0 |     399 | 100.0 |       0 |      28 | 100.0
            +---------+---------+-------+---------+---------+-------
